 Dungeon Crawl Stone Soup version 0.29.1-15-g9cfb28693d (webtiles) character file.

Game seed: 9510880453317586996

12686 Unvoiced the Basher (level 11, 0/75 HPs)
             Began as a Demonspawn Abyssal Knight on Apr 30, 2023.
             Was a Priest of Lugonu.
             Succumbed to a scorpion's poison
             ... on level 2 of the Lair of Beasts on May 1, 2023.
             The game lasted 01:13:43 (11474 turns).

Unvoiced the Basher (Demonspawn Abyssal Knight)    Turns: 11474, Time: 01:13:43

Health: 0/75       AC: 24    Str: 18    XL:     11   Next: 65%
Magic:  1/17       EV:  6    Int: 12    God:    Lugonu [***...]
Gold:   496        SH:  6    Dex: 13    Spells: 10/10 levels left

rFire   . . .      SeeInvis .   p - +0 morningstar (protect)
rCold   . . .      Faith    .   j - +0 buckler
rNeg    . . .      Spirit   +   k - +2 plate armour
rPois   .          Reflect  .   (no helmet)
rElec   .          Harm     .   (no cloak)
rCorr   +          Rampage  .   (no gloves)
Will    .....                   (no boots)
Stlth   ..........              h - amulet of guardian spirit
HPRegen 0.22/turn               c - ring of resist corrosion
MPRegen 0.15/turn               b - ring of wizardry

@: lethally poisoned (0 -> -5), under a protective aura, studying Hexes
A: yellow scales 1, powered by pain 2, spiny 2, frail 1, screaming 2
a: Renounce Religion, Depart the Abyss, Bend Space, Banish


You were on level 2 of the Lair of Beasts.
You worshipped Lugonu.
Lugonu was most pleased with you.
You visited 3 branches of the dungeon, and saw 12 of its levels.
You visited the Abyss 1 time.

You collected 496 gold pieces.

Inventory:

Hand Weapons
 p - a +0 morningstar of protection (weapon)
Armour
 j - a +0 buckler (worn)
 k - a +2 plate armour (worn)
Jewellery
 b - a ring of wizardry (right hand)
 c - a ring of resist corrosion (left hand)
 f - a ring of flight
 h - an amulet of guardian spirit (around neck)
 l - a +6 ring of dexterity
 m - a +6 ring of dexterity
Scrolls
 e - a scroll of enchant armour
 n - 2 scrolls of blinking
 o - a scroll of identify
Potions
 i - a potion of flight


   Skills:
 + Level 7.0 Fighting
 + Level 10.2 Maces & Flails
 + Level 8.2 Armour
 + Level 3.4 Dodging
 - Level 0.1 Stealth
 * Level 7.4 Shields
 * Level 8.6 Invocations


You had 10 spell levels left.
You didn't know any spells.
Your spell library contained the following spells:

 Spells                   Type           Power      Damage    Failure   Level
 Summon Small Mammal      Summ           0%         N/A       98%         1
 Blink                    Tloc           0%         N/A       99%         2
 Call Canine Familiar     Summ           0%         N/A       100%        3
 Lesser Beckoning         Tloc           0%         N/A       100%        3
 Summon Guardian Golem    Hex/Summ       0%         N/A       100%        3
 Manifold Assault         Tloc           0%         N/A       100%        5


Dungeon Overview and Level Annotations

Branches:
Dungeon (9/15)             Temple (1/1) D:6            Lair (2/5) D:9
  Swamp: Lair:2-3    Shoals: Lair:2-3     Snake: Lair:2-3    Spider: Lair:2-3
    Orc: D:9-12

Altars:
Cheibriados
Gozag
Hepliaklqana
Kikubaaqudgha
Makhleb
Nemelex Xobeh
Qazlal
Sif Muna
Trog
Uskayaw
Vehumet
Xom
Yredelemnul
Jiyva

Annotations:
D:7 corrupted
Lair:2 Amaemon
Abyss:1 Maggie, Prince Ribbit, Sigmund


Innate Abilities, Weirdness & Mutations

You are partially covered in yellow scales. (AC +2)
You sometimes gain power by taking damage.
You are mostly covered in sharp spines.
You are frail. (-10% HP)
You frequently scream uncontrollably at your foes.


Message History

The scorpion attacks as you move away! The scorpion stings you.
* * * LOW HITPOINT WARNING * * *
You are poisoned.
The scorpion poisons you!
You feel sick. The scorpion is struck by your spines.
The scorpion barely misses you. You block the scorpion's attack.
You feel sick. The scorpion attacks as you move away!
The scorpion stings you but does no damage.
You feel sick. The scorpion attacks as you move away! The scorpion stings you.
* * * LOW HITPOINT WARNING * * *
You are lethally poisoned!
The scorpion poisons you! The scorpion attacks as you move away!
The scorpion stings you but does no damage.
The scorpion attacks as you move away!
The scorpion stings you but does no damage.
* * * LOW HITPOINT WARNING * * *
You feel very sick.
You sock the scorpion!
Your weapon exudes an aura of protection.
The scorpion is heavily wounded.
* * * LOW HITPOINT WARNING * * *
You feel very sick.
The scorpion no longer looks unusually toxic.
You block the scorpion's attack. The scorpion stings you.
* * * LOW HITPOINT WARNING * * *
You block the scorpion's attack.
You puncture the scorpion!
You kill the scorpion!
The scorpion's corpse disappears in a puff of smoke!
* * * LOW HITPOINT WARNING * * *
You feel sick.
The scorpion stings you but does no damage.
You block the scorpion's attack. x2; The scorpion is struck by your spines.
The scorpion stings you but does no damage.
The scorpion is struck by your spines.
The scorpion stings you but does no damage.
You closely miss the scorpion.
The scorpion is moderately wounded.
You die...

............####
...............###
................P##
..?.(.............####
...................#.##
..?...................#
.......#.P............###
........####.....s.....P##
.......## ###?.@s.......#
........# #.#ss.....^##
.......## #.##.6......##
.......## #####........##
.......P# #.........#
.......## #.#.......#
.......# ####......##
#.....## #.......##
#...รท.# #.#.......#


You could see Amaemon and 4 scorpions.

Vanquished Creatures
  A cane toad (Lair:1)
  An orange demon (Lair:2)
  2 komodo dragons
  A rime drake (Lair:1)
  22 yaks
  2 basilisks
  3 wargs (D:9)
  9 water moccasins
  2 ice beasts
  3 black bears
  10 wolves
  2 ogres (D:5)
  A centaur (D:9)
  A phantom (D:5)
  3 kobold brigands
  A necrophage (D:5)
  3 bullfrogs
  5 wights
  8 scorpions
  3 killer bees (D:8)
  A howler monkey (D:6)
  6 jellies
  An orc priest (D:6)
  A hound (D:5)
  Jessica (D:2)
  7 iguanas
  12 orc wizards
  Robin (D:4)
  2 gnolls
  4 adders
  A white imp (D:8)
  An ufetubus (D:6)
  4 dart slugs
  24 orcs
  4 endoplasms
  3 giant cockroaches
  5 goblins (D:4)
  11 hobgoblins
  9 jackals
  A quokka (D:4)
  6 ball pythons
  7 bats
  20 kobolds
  5 rats
  A bush (D:6)
221 creatures vanquished.

Vanquished Creatures (collateral kills)
  Nergalle (Lair:1)
1 creature vanquished.

Vanquished Creatures (others)
  A centaur (D:7)
  3 killer bees (D:7)
  A bullfrog zombie (D:7)
  An orc wizard (D:7)
  A killer bee zombie (D:7)
  4 orcs (D:7)
  3 fungi (Lair:1)
  5 plants
  2 starspawn tentacles (D:7)
21 creatures vanquished.

Grand Total: 243 creatures vanquished

Notes
Turn   | Place    | Note
-------+----------+-------------------------------------------
     0 | Abyss:1  | Unvoiced the Demonspawn Abyssal Knight began the quest for
                  | the Orb.
     0 | Abyss:1  | Reached XP level 1. HP: 18/18 MP: 2/2
     1 | D:1      | Escaped the Abyss
   453 | D:1      | Reached skill level 2 in Maces & Flails
   509 | D:1      | Gained mutation: You are partially covered in yellow
                  | scales. (AC +2) [demonic ancestry]
   509 | D:1      | Reached XP level 2. HP: 23/24 MP: 3/3
  1109 | D:2      | Reached skill level 1 in Dodging
  1182 | D:2      | Reached *** piety under Lugonu
  1184 | D:2      | Gained mutation: You are partially covered in sharp spines.
                  | [demonic ancestry]
  1184 | D:2      | Reached XP level 3. HP: 26/29 MP: 4/4
  1184 | D:2      | Noticed Jessica
  1189 | D:2      | Killed Jessica
  1300 | D:2      | Found a faded altar of an unknown god.
  1380 | D:2      | Reached XP level 4. HP: 34/35 MP: 5/5
  1727 | D:3      | Noticed Sigmund
  1744 | D:3      | Banished Sigmund
  1745 | D:3      | Reached skill level 3 in Maces & Flails
  1745 | D:3      | Gained mutation: You are mostly covered in sharp spines.
                  | [demonic ancestry]
  1745 | D:3      | Reached XP level 5. HP: 42/42 MP: 1/7
  2075 | D:3      | Reached skill level 4 in Maces & Flails
  2475 | D:4      | Reached XP level 6. HP: 43/48 MP: 8/8
  2639 | D:4      | Found a shimmering blue altar of Sif Muna.
  2647 | D:4      | Reached skill level 1 in Shields
  2653 | D:4      | Got Sif Muna's Atlas of Summoning
  2666 | D:4      | Found an ancient bone altar of Kikubaaqudgha.
  2687 | D:4      | Found a radiant altar of Vehumet.
  2816 | D:4      | Noticed Robin
  2828 | D:4      | Killed Robin
  2853 | D:4      | Reached **** piety under Lugonu
  2856 | D:4      | Reached XP level 7. HP: 54/54 MP: 9/9
  3041 | D:4      | Reached skill level 5 in Maces & Flails
  3170 | D:5      | Entered Level 5 of the Dungeon
  3693 | D:5      | Identified a scroll of acquirement
  3693 | D:5      | Acquired a manual of Hexes
  3722 | D:5      | Gained mutation: You occasionally shout uncontrollably at
                  | your foes. [potion of mutation]
  3722 | D:5      | Gained mutation: You frequently scream uncontrollably at
                  | your foes. [potion of mutation]
  3722 | D:5      | Gained mutation: You are frail. (-10% HP) [potion of
                  | mutation]
  3877 | D:5      | Gained mutation: You sometimes gain a little power by
                  | taking damage. [demonic ancestry]
  3877 | D:5      | Reached XP level 8. HP: 51/54 MP: 8/10
  4048 | D:5      | Reached skill level 6 in Maces & Flails
  4913 | D:6      | Reached skill level 5 in Armour
  4963 | D:6      | Found a staircase to the Ecumenical Temple.
  4969 | D:6      | Reached skill level 5 in Fighting
  4979 | Temple   | Entered the Ecumenical Temple
  5235 | D:6      | Noticed Prince Ribbit
  5240 | D:6      | Banished Prince Ribbit
  5267 | D:6      | Reached skill level 7 in Maces & Flails
  5267 | D:6      | Reached XP level 9. HP: 58/61 MP: 9/12
  5364 | D:6      | Found a stormy altar of Qazlal.
  5543 | D:6      | Reached skill level 5 in Invocations
  5756 | D:7      | You fall into a shaft and drop 2 floors!
  6277 | D:9      | Reached skill level 5 in Shields
  6313 | D:9      | Reached skill level 8 in Maces & Flails
  6329 | D:9      | Found a staircase to the Lair.
  6368 | D:9      | Gained mutation: You sometimes gain power by taking damage.
                  | [demonic ancestry]
  6368 | D:9      | Reached XP level 10. HP: 20/68 MP: 5/14
  6963 | D:8      | Reached skill level 9 in Maces & Flails
  6986 | D:8      | Found a shimmering altar of Xom.
  7176 | D:8      | Found a viscous altar of Jiyva.
  7699 | D:7      | Corrupted D:7
  7699 | D:7      | Noticed a glowing orange brain
  7699 | D:7      | Noticed a smoke demon
  7699 | D:7      | Noticed a tentacled starspawn
  7699 | D:7      | Noticed a thrashing horror
  7699 | D:7      | Noticed a starcursed mass
  7699 | D:7      | Noticed a thrashing horror
  7699 | D:7      | Noticed a large abomination
  7699 | D:7      | Found a basalt altar of Yredelemnul.
  7701 | D:7      | Noticed an apocalypse crab
  7713 | D:7      | Noticed a tentacled starspawn
  7725 | D:7      | Noticed a thrashing horror
  7736 | D:7      | Noticed a smoke demon
  7749 | D:7      | Noticed a hellephant
  7754 | D:7      | Noticed a great orb of eyes
  7992 | Lair:1   | Entered Level 1 of the Lair of Beasts
  7992 | Lair:1   | Noticed Maggie
  8596 | Lair:1   | Banished Maggie
  8909 | Lair:1   | Reached XP level 11. HP: 41/74 MP: 10/16
  9127 | Lair:1   | Noticed Nergalle
  9132 | Lair:1   | Noticed a spectral orc warlord
  9137 | Lair:1   | Killed Nergalle
  9814 | Lair:1   | Identified the +5 leather armour "Lein Qog" {rC++ Dex+2}
 10447 | Lair:1   | Reached skill level 10 in Maces & Flails
 10832 | Lair:2   | Noticed a seven-headed hydra
 10833 | Lair:2   | Banished a seven-headed hydra
 11138 | Lair:2   | Noticed a six-headed hydra
 11143 | Lair:2   | Banished a six-headed hydra
 11349 | Lair:2   | Identified the +1 long sword of Puovvow {flame, Str+4}
 11438 | Lair:2   | Noticed Amaemon
 11472 | Lair:2   | HP: 3/75 [scorpion[Amaemon] (3)]
 11473 | Lair:2   | HP: 1/75 [poisoned by a scorpion]
 11474 | Lair:2   | Succumbed to a scorpion's poison

Illustrated notes

Levels and vault maps discovered:
D:1:      eino_arrival_druids_welcome, layout_loops_ring, hangedman_decor_points
D:2:      layout_loops_ring, hellmonk_ecumenical_altar_lost_god, uniq_jessica
D:3:      layout_basic, hex_intersection, minmay_misc_feat_pillars, uniq_sigmund
D:4:      wander_river, layout_basic, palyth_temple_overflow_mages, uniq_robin
D:5:      minmay_general_purpose_star, layout_loops_ring,
          nicolae_tso_carved_into_rock
D:6:      layout_rooms, gammafunk_temple_overflow_wave, temple_fountains,
          uniq_prince_ribbit1
D:7:      layout_layer_cave, lemuel_zombie_altar_yredelemnul, st_stairs_13
D:8:      layout_basic, grunt_temple_overflow_octagram, general_overflow_altar,
          jiyva_altar_1
D:9:      layout_basic, erik_lair_orcish_takeover
Temple:   nicolae_temple_bog_church
Lair:1:   layout_small_grid, infiniplex_staircase_pool, uniq_nergalle,
          uniq_maggie
Lair:2:   layout_hall_layers, uniq_amaemon

Skill      XL: |  1  2  3  4  5  6  7  8  9 10 11 |
---------------+----------------------------------+-----
Maces & Flails | 2 3 4 5 7 8 9 10 | 10.2
Armour         | 2 3 4 5 7 8 |  8.2
Dodging        | 1 2 3 |  3.4
Invocations    | 3 4 5 7 8 |  8.6
Shields        | 1 2 3 5 6 7 |  7.4
Fighting       | 4 5 6 7 |  7.0
Stealth        | |  0.1

Action                   |  1- 3 |  4- 6 |  7- 9 | 10-12 || total
-------------------------+-------+-------+-------+-------++-------
Melee: Mace              |    81 |    66 |       |       ||   147
       Flail             |       |       |   293 |    15 ||   308
       Morningstar       |       |       |       |   236 ||   236
Invok: Banish            |       |     2 |     7 |     7 ||    16
       Bend Space        |       |       |       |     1 ||     1
       Corrupt           |       |       |       |     1 ||     1
  Use: Scroll            |     7 |     4 |     3 |     4 ||    18
       Potion            |     2 |       |     5 |     8 ||    15
Armor: Leather armour    |    27 |       |       |       ||    27
       Chain mail        |     1 |    38 |   153 |   166 ||   358
       Skin              |       |       |     4 |       ||     4
       Plate armour      |       |       |       |    60 ||    60
Dodge: Dodged            |    59 |    16 |    60 |   141 ||   276
Block: Buckler           |       |     5 |    58 |   107 ||   170
